 Dungeon Crawl Stone Soup version 0.17-a0-1481-gfdcec5c (console) character file.

418 Fusha the Chopper (level 6, -9/57 HPs)
             Began as a Deep Dwarf Abyssal Knight on July 4, 2015.
             Was a Follower of Makhleb.
             Mangled by a large abomination (29 damage)
             ... created by the touch of Lugonu
             ... on level 3 of the Dungeon.
             The game lasted 00:19:33 (3201 turns).

Fusha the Chopper (Deep Dwarf Abyssal Knight)       Turns: 3201, Time: 00:19:34

Health: -9/57      AC: 10    Str: 18    XL:     6   Next: 61%
Magic:  0/4        EV:  8    Int: 12    God:    Makhleb [*.....]
Gold:   81         SH:  0    Dex: 12    Spells: 0 memorised, 5 levels left

rFire  . . .     SeeInvis .     a - +2 hand axe
rCold  . . .     Clarity  .     r - +0 chain mail
rNeg   . . .     SustAt   .     (no shield)
rPois  .         Gourm    .     (no helmet)
rElec  .         Spirit   +     g - +0 cloak
rCorr  .         Warding  .     (no gloves)
rMut   .         Stasis   .     (no boots)
MR     .....                    u - amulet of guardian spirit
Stlth  ..........               (no ring)
                                (no ring)

@: very slightly contaminated, non-regenerating, not resistant to hostile
enchantments, extremely unstealthy
A: damage resistance, recharge devices, sense surroundings 1, slow healing 3,
subdued magic 1
a: Device Recharging, Renounce Religion


You were on level 3 of the Dungeon.
You worshipped Makhleb.
Makhleb was aware of your devotion.
You were not hungry.

You visited 1 branch of the dungeon, and saw 4 of its levels.
You visited the Abyss 1 time.

You collected 81 gold pieces.

Inventory:

Hand weapons
 a - a +2 hand axe (weapon)
Armour
 b - a +0 leather armour
 g - a +0 cloak (worn)
 r - a +0 chain mail (worn)
Jewellery
 u - an amulet of guardian spirit (around neck)
Magical devices
 c - a wand of heal wounds (4)
Scrolls
 e - a scroll of random uselessness {unknown}
 f - a scroll of enchant armour {unknown}
 h - a scroll of magic mapping {unknown}
 k - a scroll of identify
 l - a scroll of blinking {unknown}
 m - a scroll of fear {unknown}
 o - 2 scrolls of noise
 p - a scroll of enchant weapon
 q - a scroll of fog {unknown}
 s - a scroll of remove curse {unknown}
Potions
 i - a potion of heal wounds {unknown}
 j - a potion of mutation
 n - a potion of flight
Comestibles
 d - 4 bread rations


   Skills:
 + Level 4.0 Fighting
 * Level 5.7 Axes
 + Level 3.1 Armour
 - Level 3.1 Dodging
 - Level 2.4 Invocations


You had 5 spell levels left.
You didn't know any spells.

Dungeon Overview and Level Annotations

Branches:
Dungeon (4/15)
 Temple: D:4-7

Altars:
Ashenzari
Cheibriados
Dithmenos
Elyvilon
Kikubaaqudgha
Makhleb
Okawaru
Trog
Xom
Zin
The Shining One

Shops:
D:4 %


Innate Abilities, Weirdness & Mutations

You are resistant to damage.
You can recharge devices by infusing magical energy.
You passively map a small area around you.
You do not heal naturally.
Your spells are a little easier to cast, but a little less powerful.


Message History

The large abomination is lightly damaged.
The large abomination hits you!!
Read which item? (? for menu, Esc to quit)
As you read the scroll labeled BOLUWE HUOGH, it crumbles to dust.
It is a scroll of identify.
Identify which item? (\ to view known items) (? for menu, Esc to quit)
n - a potion of flight The large abomination hits you but does no damage.
Read which item? (? for menu, Esc to quit)
As you read the scroll labeled OJIRGH ZUEST, it crumbles to dust.
You hear a loud clanging noise!
It was a scroll of noise.
Read which item? (? for menu, Esc to quit)
As you read the scroll labeled ZULUUF ZUMU, it crumbles to dust.
It is a scroll of enchant weapon.
Enchant which weapon? (? for menu, Esc to quit)
Your +1 hand axe glows red for a moment.
The large abomination hits you!!
Ouch! That really hurt!
You die...

######_###_####.....##
#############...###..#
#.....#.#.# ####.....#
#.....#.#.# #.###.# #....[...)#
#X###.# #.......### #.###.#
#####.### #..#..# # #.# #..#..#
# #@# #.._..# # #####X###
##X.#..# # #.......# #...#..# #
##.##....#######..###.# #
#...........X.....###.# #
#########........########.###.#
# #............#..## #.....# #
#.#######.##.#..# #.##..#
###.##### #.##....# #....##


You could see a large abomination.

Vanquished Creatures
  A hound (D:4)
  Crazy Yiuf (D:3)
  Ijyb (D:3)
  An orc wizard (D:3)
  Terence (D:3)
  A giant frog skeleton (D:4)
  An iguana (D:4)
  4 gnolls (D:2)
  8 adders
  A shadow imp (D:3)
  An ooze (D:1)
  A worm (D:2)
  5 giant geckos
  7 orcs
  2 ball pythons
  4 bats (D:1)
  2 giant cockroaches
  16 hobgoblins
  12 jackals
  4 quokkas
  A giant gecko skeleton (D:4)
  A giant newt (D:2)
  8 goblins
  6 kobolds
  A quokka skeleton (D:4)
  7 rats
98 creatures vanquished.

Vanquished Creatures (others)
  2 starspawn tentacles (Abyss:1)
2 creatures vanquished.

Grand Total: 100 creatures vanquished

Notes
Turn   | Place    | Note
--------------------------------------------------------------
     0 | Abyss:1  | Fusha the Deep Dwarf Abyssal Knight began the quest for the Orb.
     0 | Abyss:1  | Reached XP level 1. HP: 20/20 MP: 2/2
    72 | Abyss:1  | Noticed a kobold demonologist
   113 | Abyss:1  | Noticed a ynoxinul
   155 | Abyss:1  | Noticed a tentacled starspawn
   173 | D:1      | Escaped the Abyss
   217 | D:1      | Acquired Lugonu's first power
   322 | D:1      | Reached skill level 3 in Axes
   322 | D:1      | Reached XP level 2. HP: 22/27 MP: 3/3
   680 | D:1      | Reached XP level 3. HP: 14/33 MP: 4/4
  1052 | D:2      | Acquired Lugonu's second power
  1065 | D:2      | Reached XP level 4. HP: 18/42 MP: 5/5
  1101 | D:2      | Reached skill level 4 in Axes
  1377 | D:2      | Found a shimmering altar of Xom.
  1608 | D:2      | Reached XP level 5. HP: 19/49 MP: 6/6
  1702 | D:3      | Noticed Terence
  1721 | D:3      | Killed Terence
  1735 | D:3      | Found an iron altar of Okawaru.
  1891 | D:3      | Found a glowing silver altar of Zin.
  1891 | D:3      | Found a white marble altar of Elyvilon.
  1891 | D:3      | Found a glowing golden altar of the Shining One.
  2058 | D:3      | Found a shattered altar of Ashenzari.
  2113 | D:3      | Noticed Ijyb
  2125 | D:3      | Killed Ijyb
  2125 | D:3      | Acquired Lugonu's third power
  2125 | D:3      | Reached skill level 5 in Axes
  2212 | D:3      | Noticed Crazy Yiuf
  2394 | D:3      | Found an ancient bone altar of Kikubaaqudgha.
  2400 | D:3      | Found a snail-covered altar of Cheibriados.
  2400 | D:3      | Found a shadowy altar of Dithmenos.
  2404 | D:3      | Found a bloodstained altar of Trog.
  2405 | D:3      | Found a burning altar of Makhleb.
  2408 | D:3      | Fell from the grace of Lugonu
  2408 | D:3      | Became a worshipper of Makhleb the Destroyer
  2440 | D:3      | Killed Crazy Yiuf
  2440 | D:3      | Reached XP level 6. HP: 55/57 MP: 6/6
  2632 | D:3      | Noticed a small abomination
  2654 | D:3      | Noticed a large abomination
  2654 | D:3      | Gained mutation: Your mind is acute. (Int +2) [potion of mutation]
  2654 | D:3      | Gained mutation: You are somewhat resistant to further mutation. [potion of mutation]
  2656 | D:3      | Lost mutation: Your mind is acute. (Int +2) [potion of cure mutation]
  2656 | D:3      | Lost mutation: You are somewhat resistant to further mutation. [potion of cure mutation]
  2995 | D:4      | Found Anussiur's Food Shop.
  3058 | D:4      | Acquired Makhleb's first power
  3059 | D:4      | Noticed a small abomination
  3064 | D:4      | Gained mutation: Your spells are a little easier to cast, but a little less powerful. [mutagenic glow]
  3201 | D:3      | Mangled by a large abomination

Vault maps used:
D:1:      noname_arrival_rooms_in_the_neighbourhood, eino_curves_03,
          serial_bayou_pond_a, feat_on_display
D:2:      nicolae_overflow_hidden_temple, first_bread
D:3:      good_gods_mini_temple, okawaru_metal_pillars_1_2,
          cheibrodos_ashenzari_chains, minitemple, uniq_crazy_yiuf_cottage,
          uniq_terence, uniq_iyjb
D:4:      serial_shops, nicolae_shop_waterfront, minmay_statues_item
Abyss:1:  hangedman_abyss_feature_spike

Action                   |  1- 3 |  4- 6 || total
-------------------------+-------+-------++-------
Melee: Hand axe          |   130 |   308 ||   438
Throw: Throwing net      |       |     1 ||     1
Invok: Depart the Abyss  |     1 |       ||     1
 Abil: Device Recharging |       |     3 ||     3
Evoke: Wand              |     1 |     9 ||    10
  Use: Potion            |       |     7 ||     7
       Scroll            |       |     3 ||     3
 Stab: Sleeping          |     1 |       ||     1
  Eat: Fruit             |     3 |       ||     3
       Bread ration      |       |     1 ||     1
       Meat ration       |       |     1 ||     1
